Map: Catalyst LE

Players

llllllllllll (Elazer)

  • Race: Zerg Zerg
  • League: Grandmaster
  • Spawn Location: 11:00

aLive - Winner!

  • Race: Terran Terran
  • League: Master
  • Spawn Location: 5:00

VOD

Have the link to the VOD?

Description

Time

  • Played on: Feb. 8, 2018, 10:29 a.m.
  • Length: 10:29
Show
View Real Time Build Order
Export as new Build Order

llllllllllll Zerg 

Build Orders: Hatch First 

Get SALT Encoding   

  12  0:00  Drone  
  13  0:13  Overlord  
  13  0:16  Drone  
  14  0:31  Drone x2  
  16  0:48  Hatchery  
  15  0:51  Drone  
  15  0:55  Drone  
  17  0:58  Drone  
  18  1:09  Extractor  
  17  1:14  Spawning Pool  
  17  1:17  Drone  
  17  1:20  Drone  
  18  1:28  Drone  
  19  1:39  Drone  
  20  1:49  Overlord  
  20  2:00  Queen  
  20  2:01  Queen, Zergling x4  
  26  2:09  Metabolic Boost  
  26  2:11  Drone  
  26  2:13  Drone  
  28  2:22  Drone x2  
  30  2:38  Hatchery  
  30  2:40  Drone  
  30  2:41  Drone  
  31  2:47  Queen  
  33  2:52  Overlord  
  33  2:56  Drone  
  33  2:57  Drone  
  35  3:00  Drone  
  36  3:10  Drone x2  
  36  3:11  Drone x3  
  41  3:16  Overlord  
  41  3:22  Drone  
  41  3:25  Queen  
  44  3:38  Zergling x6  
  47  3:43  Zergling x4  
  47  3:44  Zergling x2  
  47  3:45  Overlord  
  47  3:47  Queen  
  52  3:50  Queen  
  52  3:51  Overlord  
  52  3:53  Drone  
  55  3:57  Drone x2  
  55  3:58  Drone  
  58  4:04  Overlord  
  58  4:11  Lair  
  58  4:12  Extractor  
  58  4:14  Drone x2  
  58  4:15  Baneling Nest  
  58  4:19  Drone x3  
  58  4:22  Drone x2  
  63  4:25  Overlord  
  63  4:28  Drone  
  63  4:30  Drone x2  
  66  4:36  Spore Crawler x2  
  66  4:38  Drone  
  65  4:45  Overlord  
  65  4:46  Drone  
  65  4:47  Drone x2  
  65  4:49  Overlord  
  68  4:54  Drone x3  
  68  4:56  Zergling x4  
  68  4:58  Overlord  
  73  5:00  Drone  
  73  5:02  Baneling x3  
  73  5:03  Baneling  
  73  5:05  Drone  
  75  5:07  Drone  
  75  5:10  Overseer  
  75  5:11  Centrifical Hooks  
  75  5:14  Overlord  
  76  5:16  Drone, Extractor  
  76  5:17  Drone  
  76  5:18  Drone  
  77  5:22  Overlord  
  77  5:25  Extractor  
  77  5:27  Extractor  
  75  5:31  Drone x5, Hydralisk Den  
  79  5:35  Evolution Chamber  
  79  5:40  Drone x6  
  84  5:44  Overlord  
  84  5:50  Zergling x10  
  89  5:59  Overlord  
  89  6:01  Drone, Extractor  
  89  6:02  Drone  
  89  6:03  Drone  
  91  6:07  Overlord  
  90  6:11  Hatchery, Zerg Ground Armor Level 1  
  90  6:13  Overlord  
  90  6:14  Evolution Chamber  
  90  6:16  Baneling x5  
  90  6:18  Zergling x4  
  90  6:20  Muscular Augments  
  90  6:37  Hydralisk x7  
  104  6:41  Drone  
  104  6:42  Drone x4  
  104  6:44  Overlord  
  107  6:48  Zerg Melee Weapons Level 1  
  107  6:49  Drone x3  
  110  6:57  Hydralisk x3  
  116  7:04  Hydralisk x2  
  116  7:07  Overlord  
  116  7:08  Drone x3  
  123  7:12  Drone x2  
  123  7:14  Overlord  
  123  7:18  Hydralisk x2  
  126  7:24  Hydralisk x4  
  134  7:32  Zergling x12  
  140  7:38  Zergling x4  
  140  7:41  Zergling x8  
  140  7:42  Burrow  
  140  7:43  Zergling x2  
  147  7:50  Zergling x10  
  149  7:53  Baneling x12  
  149  7:56  Zergling x6  
  150  7:59  Baneling x7  
  150  8:01  Zergling x2  
  150  8:02  Zergling x2  
  147  8:08  Zergling x6  
  134  8:23  Hatchery  
  121  8:29  Drone x5  
  121  8:33  Infestation Pit  
  125  8:34  Hydralisk  
  125  8:37  Zergling x16  
  125  8:38  Zergling x2  
  136  8:47  Overlord  
  132  8:49  Zergling x10  
  132  8:50  Queen, Zergling x12  
  133  8:55  Overlord  
  133  8:59  Queen, Hydralisk Den  
  134  9:03  Drone  
  134  9:05  Evolution Chamber  
  130  9:19  Overlord  
  130  9:30  Zergling x18  
  125  9:33  Zergling x6  
  118  9:39  Drone  
  119  9:48  Baneling x5, Hydralisk  
  119  9:49  Baneling x4, Hydralisk x6  
  133  9:56  Baneling x7, Hydralisk x5  
  143  10:04  Zergling x2  
  143  10:05  Zergling x4  
Show
View Real Time Build Order
Export as new Build Order

aLive Terran - Winner!

Build Orders: Gas First Reaper Expand, Reaper Expand, MMM Bio 

Get SALT Encoding   

  12  0:00  SCV  
  13  0:13  SCV  
  14  0:17  Supply Depot  
  14  0:25  SCV  
  14  0:28  Refinery  
  15  0:38  SCV  
  16  0:45  Barracks  
  16  0:51  SCV  
  17  1:03  SCV  
  18  1:15  SCV  
  19  1:32  Reaper, Orbital Command  
  20  1:43  Command Center  
  20  1:57  Factory  
  20  1:58  SCV  
  21  2:05  Refinery  
  21  2:06  Barracks Reactor  
  21  2:10  SCV  
  22  2:16  Supply Depot  
  22  2:22  SCV  
  23  2:37  SCV  
  23  2:43  Starport  
  24  2:47  Hellion x2  
  24  2:49  SCV  
  29  2:55  Orbital Command  
  29  3:01  SCV  
  30  3:09  Hellion  
  34  3:13  Hellion, SCV, Barracks Tech Lab  
  35  3:21  Viking  
  35  3:24  SCV  
  35  3:25  SCV  
  39  3:32  Supply Depot  
  39  3:37  SCV  
  39  3:38  SCV  
  41  3:50  SCV x2  
  41  3:54  Command Center  
  43  4:02  SCV x2  
  45  4:12  Factory Reactor  
  45  4:15  SCV x2, Barracks  
  45  4:16  Barracks  
  47  4:19  Supply Depot, Starport Reactor  
  47  4:21  Stimpack  
  47  4:27  SCV x2  
  47  4:29  Engineering Bay  
  49  4:33  Engineering Bay  
  49  4:35  Marine  
  50  4:39  SCV x2  
  52  4:51  SCV x2  
  54  4:55  Terran Infantry Weapons Level 1  
  54  5:00  Terran Infantry Armor Level 1  
  54  5:04  Factory Tech Lab, Barracks  
  54  5:05  SCV x2, Barracks  
  54  5:06  Orbital Command  
  56  5:12  Marine x4  
  56  5:13  Marine  
  61  5:23  Medivac x2  
  61  5:24  SCV x2  
  61  5:27  Refinery  
  67  5:29  Refinery  
  67  5:32  Orbital Command, Marine x5  
  72  5:39  Supply Depot  
  72  5:40  Supply Depot  
  72  5:41  SCV x2  
  74  5:53  SCV x2  
  74  5:54  Barracks Reactor x2  
  74  5:55  Marine  
  77  6:01  Siege Tank, Marine x4  
  77  6:03  Supply Depot  
  84  6:04  Supply Depot  
  84  6:08  SCV x3  
  87  6:12  Supply Depot x2  
  87  6:15  Armory  
  87  6:20  Supply Depot  
  87  6:21  Combat Shields  
  87  6:24  Marine x5  
  92  6:26  SCV x3  
  95  6:33  Marine  
  95  6:34  Marine x3  
  99  6:42  Marine x4, Medivac x2  
  107  6:48  Siege Tank  
  107  6:49  SCV x3  
  113  6:58  Supply Depot  
  113  6:59  Supply Depot  
  113  7:05  Terran Infantry Armor Level 2, Terran Infantry Weapons Level 2  
  113  7:12  Marine x2  
  113  7:13  Marine x5  
  120  7:19  Marine x2  
  120  7:22  Supply Depot  
  120  7:26  SCV x3  
  123  7:30  Supply Depot, Medivac x2  
  123  7:35  Marine  
  123  7:36  Marine x6  
  134  7:37  Marine  
  134  7:39  Terran Vehicle Weapons Level 1  
  134  7:40  SCV x2  
  134  7:41  SCV  
  136  7:52  Command Center  
  136  8:06  SCV x3  
  136  8:07  Marine  
  136  8:08  Marine x3  
  136  8:10  Supply Depot  
  139  8:13  Siege Tank  
  128  8:26  Marine x4  
  128  8:27  Marine x5  
  119  8:29  Medivac x2  
  119  8:32  Factory  
  119  8:33  Refinery  
  130  8:34  Refinery  
  130  8:40  Supply Depot, Barracks x2  
  130  8:42  Barracks  
  130  8:46  Marauder  
  132  8:52  Siege Tank  
  135  8:59  Marine x8, Medivac x2  
  145  9:03  Concussive Shells  
  145  9:07  Marauder  
  141  9:19  Marine x7, Factory Tech Lab  
  141  9:20  Marine  
  141  9:23  Sensor Tower, Supply Depot  
  141  9:24  Supply Depot  
  149  9:26  Missile Turret  
  149  9:29  Marauder  
  144  9:37  Marine  
  144  9:38  Marine x7  
  148  9:44  Refinery  
  148  9:45  Refinery  
  149  9:52  Planetary Fortress  
  149  9:54  Barracks Tech Lab x2  
  149  9:56  Barracks Tech Lab  
  149  9:59  Marine x7  
  153  10:00  Marine  
  153  10:01  Marauder  
  159  10:11  Command Center  
Tags
 
Add a new tag
Caveats
  • Supply blocks, unpowered buildings, or Contaminate may cause inaccurate times.
  • Supply counts are checked every 10 seconds.